 Dungeon Crawl Stone Soup version 0.31-a0-1439-g542172135e (webtiles) character file.

Game seed: 5388016791657442166

1301278 EnegeticOcto the Necrodancer (level 26, 211/211 HPs)
             Began as a Mummy Alchemist on Dec 27, 2023.
             Was a Follower of Uskayaw.
             Escaped with the Orb
             ... and 3 runes!
             The game lasted 04:01:18 (128832 turns).

EnegeticOcto the Necrodancer (Mummy Alchemist)    Turns: 128832, Time: 04:01:19

Health: 211/211    AC: 24    Str:  7      XL:     26   Next: 58%
Magic:  55/55      EV: 18    Int: 26      God:    Uskayaw [*.....]
Gold:   1956       SH:  9    Dex: 15 (18) Spells: 8/61 levels left

rFire   . . .        i - +9 short sword (distort)
rCold   + . .        H - +3 buckler {AC+3}
rNeg    + + +        q - +1 robe of Vines {NoPotionHeal Regen++++}
rPois   ∞            D - +3 hat of Pondering {ponderous, Will+ MP+10 Int+5}
rElec   +            o - +2 cloak {rCorr}
rCorr   +            k - +2 pair of gloves "Lanoyri" {rElec Will+ Str-4}
SInv    .            w - +2 pair of boots
Will    +++++        C - amulet of magic regeneration
Stlth   +            f - ring of protection from fire
HPRegen 3.75/turn    g - +4 ring of protection
MPRegen 0.74/turn

%: faith
@: studying 3 skills, slow
A: cold resistance 1, negative energy resistance 3, torment resistance 2, heat
vulnerability 1, in touch with death 2, no potions, faith
0: Orb of Zot
}: 3/15 runes: barnacled, silver, gossamer
a: Renounce Religion, Stomp


You escaped.
You worshipped Uskayaw.
Uskayaw was exalted by your worship.
You visited 12 branches of the dungeon, and saw 55 of its levels.
You also visited: Trove and Sewer.

You collected 7610 gold pieces.
You spent 5654 gold pieces at shops.

Inventory:

Hand Weapons
 a - the +9 flail of the New World {vamp, rF+ Int+5 Dex+3}
   (You bought it in a shop on level 5 of the Vaults)

   Int+5:     It affects your intelligence (+5).
   Dex+3:     It affects your dexterity (+3).
   rF+:       It protects you from fire.
 b - the +11 sling "Vasamog" {flame, rF++}
   (You found it on level 2 of the Depths)

   rF++:      It greatly protects you from fire.
 i - a +9 short sword of distortion (weapon)
   (You took it off a tengu on level 2 of the Orcish Mines)
 S - a +6 quick blade of freezing
   (You found it on level 3 of the Crypt)
Missiles
 z - 4 throwing nets {!f}
 J - 19 curare-tipped darts (quivered)
Armour
 k - the +2 pair of gloves "Lanoyri" (worn) {rElec Will+ Str-4}
   (You found it on level 4 of the Spider Nest)

   Str-4:     It affects your strength (-4).
   rElec:     It insulates you from electricity.
   Will+:     It increases your willpower.
 o - a +2 cloak of preservation (worn)
   (You bought it in a shop on level 2 of the Orcish Mines)
 q - the +1 robe of Vines (worn) {NoPotionHeal Regen++++}
   (You took it off a deep elf elementalist on level 3 of the Elven Halls)

   NoPotionHeal: Its wearer cannot be healed by potions.
   Regen++++: It increases your rate of health regeneration.
 w - a +2 pair of boots (worn)
   (You found it on level 5 of the Dungeon)
 D - the +3 hat of Pondering (worn) {ponderous, Will+ MP+10 Int+5}
   (You found it on level 4 of the Spider Nest)

   Int+5:     It affects your intelligence (+5).
   Will+:     It increases your willpower.
   MP+10:     It affects your magic capacity (+10).
 H - a +3 buckler of protection (worn)
   (You bought it in a shop on level 15 of the Dungeon)
Jewellery
 c - an amulet of the acrobat
   (You found it on level 1 of the Lair of Beasts)
 f - a ring of protection from fire (left hand)
   (You found it on level 1 of the Dungeon)
 g - a +4 ring of protection (right hand)
   (You found it on level 5 of the Dungeon)
 n - the ring "Saxolon" {^Contam MP+9 Dex+8}
   (You took it off a deep elf master archer on level 3 of the Elven Halls)

   [ring of magical power]

   Dex+8:     It affects your dexterity (+8).
   MP+9:      It affects your magic capacity (+9).
   ^Contam:   It causes magical contamination when unequipped.
 s - the ring of Suhyom {rElec rN+ Stlth+}
   (You took it off a deep elf annihilator on level 3 of the Elven Halls)

   [ring of positive energy]

   rElec:     It insulates you from electricity.
   rN+:       It protects you from negative energy.
   Stlth+:    It makes you more stealthy.
 C - an amulet of magic regeneration (around neck)
   (You bought it in a shop on level 3 of the Elven Halls)
 E - a ring of see invisible
   (You found it on level 4 of the Depths)
 O - a ring of protection from fire
   (You took it off Erica on level 1 of the Lair of Beasts)
 T - an amulet of regeneration
   (You found it on level 3 of the Shoals)
Wands
 j - a wand of light (16) {@v1}
   (You found it on level 2 of the Lair of Beasts)
 l - a wand of paralysis (76)
   (You found it on level 2 of the Dungeon)
 p - a wand of flame (106) {@v4}
   (You found it in a sewer)
 r - a wand of mindburst (12)
   (You found it in a treasure trove)
 v - a wand of digging (5) {@v3}
   (You bought it in a shop on level 15 of the Dungeon)
 A - a wand of polymorph (35)
   (You found it on level 3 of the Lair of Beasts)
 L - a wand of iceblast (40) {@v2}
   (You found it on level 1 of the Lair of Beasts)
Scrolls
 d - 2 scrolls of torment
 e - 21 scrolls of teleportation {@r3 !r}
 h - 15 scrolls of vulnerability
 m - a scroll of enchant armour
 t - 10 scrolls of fog {!r}
 u - 8 scrolls of poison
 x - 8 scrolls of revelation {@r5 !r}
 y - 9 scrolls of blinking {@r4}
 B - 10 scrolls of immolation
 I - 9 scrolls of fear {!r}
 P - 4 scrolls of amnesia
 R - 5 scrolls of butterflies
Miscellaneous
 G - a lightning rod (4/4)
   (You found it on level 5 of the Vaults)
 K - a phantom mirror
   (You found it on level 5 of the Vaults)
 M - a tin of tremorstones (2/2)
   (You found it on level 5 of the Vaults)
 N - a phial of floods
   (You found it on level 3 of the Crypt)
 U - a box of beasts (inert)
   (You found it on level 3 of the Shoals)


   Skills:
 + Level 18.1 Fighting
 - Level 10.0 Short Blades
 - Level 12.0 Armour
 - Level 12.0 Dodging
 - Level 3.0 Stealth
 - Level 8.0 Shields
 - Level 18.0 Spellcasting
 - Level 12.6 Conjurations
 - Level 3.0 Hexes
 - Level 8.0 Necromancy
 - Level 10.0 Translocations
 - Level 4.0 Fire Magic
 - Level 2.0 Air Magic
 - Level 3.6 Earth Magic
 - Level 12.0 Alchemy
 O Level 27 Invocations
 - Level 9.0 Evocations


You had 8 spell levels left.
You knew the following spells:

 Your Spells              Type           Power      Damage    Failure   Level
a - Apportation           Tloc           100%       N/A       1%          1
b - Dispersal             Tloc           33%        N/A       8%          6
c - Manifold Assault      Tloc           66%        N/A       1%          4
d - Sticky Flame          Fire/Alch      60%        2d10      1%          4
e - Mephitic Cloud        Conj/Alch/Air  62%        N/A       1%          3
f - Yara's Violent Unrav  Hex/Alch       29%        3d12      3%          5
g - Fugue of the Fallen   Necr           98%        N/A       1%          3
h - Vhi's Electric Charg  Tloc/Air       100%       N/A       2%          4
i - Olgreb's Toxic Radia  Alch           72%        N/A       1%          4
j - Ignite Poison         Fire/Alch      60%        N/A       1%          4
p - Passwall              Erth           42%        N/A       1%          3
x - Dispel Undead         Necr           98%        3d31      1%          4
z - Irradiate             Conj/Alch      36%        3d23      1%          5
V - Swiftness             Air            33%        N/A       3%          3

Your spell library contained the following spells:

 Spells                   Type           Power      Damage    Failure   Level
 Magic Dart               Conj           100%       1d8       0%          1
 Foxfire                  Conj/Fire      100%       2x1d9     1%          1
 Kiss of Death            Conj/Necr      100%       2d13      1%          1
 Necrotise                Necr           100%       1d9       1%          1
 Sandblast                Erth           84%        2d18      1%          1
 Sting                    Conj/Alch      100%       1d9       1%          1
 Jinxbite                 Hex            78%        N/A       1%          2
 Mercury Vapours          Alch/Air       100%       N/A       1%          2
 Scorch                   Fire           88%        2d8       1%          2
 Searing Ray              Conj           100%       2d8       1%          2
 Dazzling Flash           Conj/Hex       100%       N/A       1%          3
 Gell's Gravitas          Tloc           66%        N/A       1%          3
 Inner Flame              Hex/Fire       41%        N/A       1%          3
 Stone Arrow              Conj/Erth      100%       3d13      1%          3
 Teleport Other           Tloc           66%        N/A       1%          3
 Vampiric Draining        Necr           98%        2d13      1%          3
 Animate Dead             Necr           98%        N/A       1%          4
 Brom's Barrelling Bould  Conj/Erth      60%        2d8       1%          4
 Dimensional Bullseye     Hex/Tloc       27%        N/A       1%          4
 Flame Wave               Conj/Fire      61%        2d14      1%          4
 Fulminant Prism          Conj/Alch      36%        3d17      1%          4
 Passage of Golubria      Tloc           66%        N/A       1%          4
 Petrify                  Alch/Erth      59%        N/A       1%          4
 Alistair's Intoxication  Alch           48%        N/A       1%          5
 Iskenderun's Battlesphe  Conj           73%        2d12      1%          5
 Ensorcelled Hibernation  Hex/Ice        62%        N/A       2%          2
 Confusing Touch          Hex            39%        N/A       2%          3
 Sigil of Binding         Hex            39%        N/A       2%          3
 Summon Small Mammal      Summ           92%        N/A       3%          1
 Anguish                  Hex/Necr       43%        N/A       3%          4
 Curse of Agony           Necr           98%        N/A       3%          5
 Martyr's Knell           Necr/Summ      78%        N/A       5%          4
 Call Canine Familiar     Summ           23%        N/A       9%          3
 Ozocubu's Armour         Ice            23%        N/A       9%          3
 Cause Fear               Hex            19%        N/A       9%          4
 Summon Forest            Summ/Tloc      24%        N/A       11%         5
 Summon Blazeheart Golem  Fire/Summ      33%        N/A       13%         4
 Animate Armour           Summ/Erth      64%        N/A       14%         4
 Bombard                  Conj/Erth      30%        9d5       16%         6
 Starburst                Conj/Fire      30%        6d9       16%         6
 Summon Lightning Spire   Summ/Air       28%        N/A       19%         4
 Lee's Rapid Deconstruct  Erth           21%        3d12*     19%         5
 Conjure Ball Lightning   Conj/Air       28%        3x3d8     22%         6
 Silence                  Hex/Air        18%        N/A       28%         5
 Sculpt Simulacrum        Ice/Alch       26%        N/A       36%         6
 Metabolic Englaciation   Hex/Ice        15%        N/A       41%         5
 Summon Mana Viper        Hex/Summ       31%        N/A       41%         5
 Plasma Beam              Fire/Air       19%        2x1d31    78%         6
 Spellforged Servitor     Conj/Summ      27%        N/A       88%         7
 Malign Gateway           Summ/Tloc      24%        N/A       97%         7
 Disjunction              Tloc           33%        N/A       97%         8
 Summon Cactus Giant      Summ           11%        N/A       99%         6
 Haunt                    Necr/Summ      39%        N/A       99%         7
 Enfeeble                 Hex            19%        N/A       100%        7
 Ozocubu's Refrigeration  Ice            11%        4d10      100%        7
 Discord                  Hex            19%        N/A       100%        8
 Ignition                 Fire           22%        3d8       100%        8
 Infestation              Necr           49%        N/A       100%        8
 Lehudib's Crystal Spear  Conj/Erth      30%        10d8      100%        8
 Summon Horrible Things   Summ           11%        N/A       100%        8
 Polar Vortex             Ice            11%        12d1*     100%        9
 Sublimation of Blood     Necr           Unusable   N/A       N/A         2

Dungeon Overview and Level Annotations

Branches:
Dungeon (15/15)            Temple (1/1) D:5            Lair (5/5) D:9
 Shoals (4/4) Lair:2       Spider (4/4) Lair:2        Slime (4/5) Lair:5
    Orc (2/2) D:10            Elf (3/3) Orc:2        Vaults (5/5) D:14
  Crypt (3/3) Vaults:3       Tomb (0/3) Crypt:3      Depths (4/4) D:15
    Zot (5/5) Depths:4      Sewer (visited)

Altars:
Ashenzari
Cheibriados
Dithmenos
Fedhas
Gozag
Hepliaklqana
Kikubaaqudgha
Makhleb
Nemelex Xobeh
Okawaru
Qazlal
Ru
Sif Muna
Trog
Uskayaw
Vehumet
Wu Jian
Xom
Yredelemnul
Jiyva
Lugonu

Shops:
D:1 ?   D:6 [   D:15 *   Orc:2 =[([   Elf:3 =   Shoals:1 [*[?   Shoals:4 ::
Vaults:1 (   Vaults:5 (

Portals:
Hell: Depths:1 Depths:2 Depths:3 Depths:4
Abyss: Depths:3
Pandemonium: Depths:2
Ziggurat: Depths:4

Annotations:
D:15 Roxanne
Vaults:1 36 runed doors
Vaults:3 1 transporter, Mennas; Xtahua
Crypt:1 3 runed translucent doors, exclusion: 3 doors, Wed Dyk's ghost, veteran MiBe
Depths:3 1 runed translucent door, exclusion: door
Zot:1 1 exclusion, Vv


Innate Abilities, Weirdness & Mutations

You are immune to poison.
Your flesh is cold resistant. (rC+)
You are immune to negative energy. (rN+++)
You are immune to unholy pain and torment.
You are vulnerable to heat. (rF-)
You are strongly in touch with the powers of death.
You do not drink.
You have a special connection with the divine. (Faith)


Message History

Space momentarily warps into an impossible shape!
You hit the large abomination but do no damage.
Space warps horribly around the large abomination!
Casting: Manifold Assault (mildly dangerous; 1% risk of failure)
Confirm with . or Enter, or press ? or * to list all spells.
Space momentarily warps into an impossible shape!
You hit the large abomination.
The large abomination blinks!
(D) Dungeon (T) Temple (L) Lair (A) Shoals (N) Spider Nest (M) Slime Pits (O) Orcish Mines (E) Elven Halls (V) Vaults (C) Crypt (W) Tomb (U) Depths (H) Hell (Z) Zot
Where to? (Tab/Enter - D:1 @ (x,y), ? - help)
A large abomination is nearby!
Casting: Manifold Assault (mildly dangerous; 1% risk of failure)
Confirm with . or Enter, or press ? or * to list all spells.
Space momentarily warps into an impossible shape!
You hit the large abomination but do no damage.
Unknown command.
Casting: Manifold Assault (mildly dangerous; 1% risk of failure)
Confirm with . or Enter, or press ? or * to list all spells.
Space momentarily warps into an impossible shape!
You puncture the large abomination!
Space warps around the large abomination.
Casting: Manifold Assault (mildly dangerous; 1% risk of failure)
Confirm with . or Enter, or press ? or * to list all spells.
Space momentarily warps into an impossible shape!
You hit the large abomination.
Space warps horribly around the large abomination!
You destroy the large abomination!
You can now pass through a line of other dancers.
(D) Dungeon (T) Temple (L) Lair (A) Shoals (N) Spider Nest (M) Slime Pits (O) Orcish Mines (E) Elven Halls (V) Vaults (C) Crypt (W) Tomb (U) Depths (H) Hell (Z) Zot
Where to? (Tab/Enter - D:1 @ (x,y), ? - help)
A reaper comes into view. It is wielding a +1 vampiric scythe.
Casting: Manifold Assault (mildly dangerous; 1% risk of failure)
Confirm with . or Enter, or press ? or * to list all spells.
Space momentarily warps into an impossible shape!
You hit the reaper but do no damage.
Space warps around the reaper!
Casting: Manifold Assault (mildly dangerous; 1% risk of failure)
Confirm with . or Enter, or press ? or * to list all spells.
Space momentarily warps into an impossible shape!
You hit the reaper but do no damage.
Casting: Manifold Assault (mildly dangerous; 1% risk of failure)
Confirm with . or Enter, or press ? or * to list all spells.
Space momentarily warps into an impossible shape!
You hit the reaper.
Space warps horribly around the reaper!!
Casting: Manifold Assault (mildly dangerous; 1% risk of failure)
Confirm with . or Enter, or press ? or * to list all spells.
Space momentarily warps into an impossible shape!
You barely miss the reaper.
Casting: Manifold Assault (mildly dangerous; 1% risk of failure)
Confirm with . or Enter, or press ? or * to list all spells.
Space momentarily warps into an impossible shape!
You completely miss the reaper.
Casting: Manifold Assault (mildly dangerous; 1% risk of failure)
Confirm with . or Enter, or press ? or * to list all spells.
Space momentarily warps into an impossible shape!
You hit the reaper but do no damage.
Space warps around the reaper.
Casting: Manifold Assault (mildly dangerous; 1% risk of failure)
Confirm with . or Enter, or press ? or * to list all spells.
Space momentarily warps into an impossible shape!
You barely miss the reaper.
Casting: Manifold Assault (mildly dangerous; 1% risk of failure)
Confirm with . or Enter, or press ? or * to list all spells.
Space momentarily warps into an impossible shape!
You hit the reaper.
Space warps horribly around the reaper!!
Uskayaw will force your foes to helplessly watch your dance.
Uskayaw prepares the audience for your solo!
Casting: Manifold Assault (mildly dangerous; 1% risk of failure)
Confirm with . or Enter, or press ? or * to list all spells.
Space momentarily warps into an impossible shape!
You puncture the reaper!
Casting: Manifold Assault (mildly dangerous; 1% risk of failure)
Confirm with . or Enter, or press ? or * to list all spells.
Space momentarily warps into an impossible shape!
You hit the reaper but do no damage.
The helpless reaper fails to defend itself.
You impale the reaper!!
You kill the reaper!
Uskayaw will force your foes to share their pain.
(D) Dungeon (T) Temple (L) Lair (A) Shoals (N) Spider Nest (M) Slime Pits (O) Orcish Mines (E) Elven Halls (V) Vaults (C) Crypt (W) Tomb (U) Depths (H) Hell (Z) Zot
Where to? (Tab/Enter - D:1 @ (x,y), ? - help)
There is a stone staircase leading up here.
You climb upwards.
There is a stone staircase leading down here.
There is a stone staircase leading up here.
You climb upwards.
There is a stone staircase leading down here.
There is an escape hatch in the floor here.
Magic restored.
There is an open door here.
There is a staircase leading out of the dungeon here.
You have escaped!

###.+''######..# #.#
#...'∩'....##..# #.#
#.#.++'###.##..# ##.#
##.###..# #.##..# #..# ...#
#.## #.##..## ######.## ####
#.# #.##...# #......#
######.# #+####'####+####.#
.....#.# #........^..# #.#
####.#.#########@###### #.#
####...........#####.#####.#
.......#####...####........#
#########.........#..#######
#..........#..#
#######..........#..###
##.##..................#
#.#.#.##.###...####..#.#
!###.....###.........#.#


There were no monsters in sight!

Vanquished Creatures
  A dread lich (Vaults:5)
  2 ancient liches (Zot:5)
  8 orbs of fire
  Mara (Vaults:5)
  A juggernaut (Depths:2)
  3 Killer Klowns (Zot:5)
  4 curse toes
  Bai Suzhen (Spider:4)
  3 caustic shrikes
  A profane servitor (Crypt:3)
  Norris (Elf:1)
  13 golden dragons
  6 electric golems
  Arachne (Spider:4)
  21 tentacled monstrosities
  26 Orb Guardians
  5 liches
  2 walking divine tomes (Depths:4)
  Mlioglotl (Spider:3)
  Asterion (Spider:4)
  3 deep elf blademasters
  A kraken (Shoals:4)
  7 quicksilver dragons
  4 titans (Vaults:5)
  2 walking frostbound tomes (Depths:3)
  8 ancient champions
  5 sphinxes
  10 death cobs
  2 deep elf master archers (Elf:3)
  The ghost of Numeemo the Wrestler, an adept HOSh of Beogh (Shoals:3)
  Frances (D:13)
  8 tengu reavers
  A revenant (Crypt:1)
  14 shadow dragons
  5 draconian monks
  12 storm dragons
  4 azure jellies
  2 rockslimes (Slime:4)
  6 draconian knights
  An iron dragon (Vaults:5)
  Donald (Shoals:2)
  3 fire giants
  A nagaraja (Depths:3)
  A protean progenitor (Zot:3)
  19 vault wardens
  7 emperor scorpions
  2 draconian scorchers
  Louise (Elf:3)
  4 draconian shifters
  3 frost giants
  9 ghouls
  A curse skull (Crypt:3)
  24 very ugly things
  6 orc warlords
  7 deep elf sorcerers
  A draconian stormcaller (Zot:4)
  5 ghost moths
  A spriggan defender (Depths:3)
  2 deep elf elementalists
  A reaper (D:3)
  4 formless jellyfish
  6 draconian annihilators
  14 stone giants
  14 ironbound preservers
  A quicksilver ooze (Slime:3)
  8 green draconians
  4 ironbound thunderhulks
  10 black draconians
  10 deep elf death magi
  10 vampire knights
  4 dire elephants (Vaults:2)
  8 purple draconians
  12 deep elf demonologists
  12 red draconians
  15 spark wasps
  2 war gargoyles
  12 white draconians
  10 yellow draconians
  12 deep elf annihilators
  4 eidola
  2 mummy priests (Crypt:3)
  12 fire dragons
  15 jiangshi
  A crystal guardian (Vaults:4)
  6 entropy weavers
  3 merfolk javelineers (Shoals:4)
  7 merfolk impalers
  20 yaktaur captains
  21 ettins
  7 deep elf high priests
  38 vault guards
  4 hydras
  6 great orbs of eyes
  2 rakshasas (Depths:3)
  2 peacekeepers (Vaults:4)
  8 ice dragons
  An alligator snapping turtle (Shoals:4)
  3 catoblepae
  2 merfolk avatars
  6 ironbound frosthearts
  7 merfolk aquamancers
  2 death knights
  3 radroaches
  4 spriggan air magi
  A fenstrider witch zombie (Crypt:3)
  9 boulder beetles
  26 dancing weapons
  2 sphinx skeletons
  6 satyrs
  Erica (Lair:1)
  A hell hog (Depths:2)
  An orc high priest (Orc:2)
  8 tengu warriors
  9 deep troll shamans
  15 centaur warriors
  9 two-headed ogres
  3 death yaks (Lair:5)
  6 deep troll earth magi
  7 demonic crawlers
  3 occultists (Depths:3)
  5 soul eaters
  2 spriggans (Depths:1)
  21 deep elf knights
  12 hell knights
  8 spriggan berserkers
  6 vampire magi
  A sun demon (Depths:2)
  10 pharaoh ants
  6 iron trolls
  4 shadow wraiths
  10 skysharks
  5 sea snakes
  A sea snake (shapeshifter) (Vaults:5)
  41 skeletal warriors
  5 glowing orange brains
  5 orb spiders
  A deep troll (shapeshifter) (Vaults:5)
  A golden dragon zombie (Crypt:3)
  A spriggan simulacrum (Depths:2)
  7 flayed ghosts
  8 steelbarb worms
  10 deep elf archers
  33 deep trolls
  A sun moth (Spider:1)
  8 arcanists
  A bog body (Crypt:2)
  A kraken simulacrum (Shoals:4)
  19 harpies
  A wolf spider zombie (Crypt:1)
  17 ironbound convokers
  15 phantasmal warriors
  9 lindwurms
  37 deep elf pyromancers
  30 deep elf zephyrmancers
  6 necromancers
  A shining eye (shapeshifter) (Vaults:5)
  A mana viper (shapeshifter) (Vaults:4)
  A jorogumo zombie (Crypt:3)
  16 orc knights
  A wolf spider (shapeshifter) (Vaults:5)
  32 ugly things
  A shining eye (Slime:2)
  12 wolf spiders
  7 cyclopes
  14 fauns
  A shadow dragon skeleton (Crypt:3)
  2 fauns (shapeshifter)
  4 orc sorcerers
  26 moths of wrath
  A tengu skeleton (Depths:2)
  16 manticores
  A black mamba (shapeshifter) (D:14)
  9 kobold blastminers (Orc:2)
  2 centaur zombies (Crypt:3)
  6 merfolk sirens
  13 vault sentinels
  7 meliai
  29 elephants
  A stone giant skeleton (Vaults:3)
  A frost giant skeleton (Depths:2)
  A meliai (shapeshifter) (Depths:2)
  2 black mambas (Lair:5)
  An eye of devastation (Slime:2)
  3 gargoyles
  6 torpor snails
  A human zombie (Vaults:3)
  7 water nymphs
  10 cane toads
  A cane toad (shapeshifter) (D:15)
  A large abomination (D:3)
  An elf skeleton (Vaults:3)
  A naga skeleton (Crypt:3)
  A red draconian zombie (Crypt:3)
  12 komodo dragons
  A yaktaur zombie (Vaults:3)
  Jeremiah (D:8)
  42 yaktaurs
  A catoblepas zombie (Crypt:3)
  6 rime drakes
  9 tengu conjurers
  3 kobold demonologists
  A swamp worm zombie (Crypt:1)
  3 efreet
  5 freezing wraiths
  3 guardian mummies (Crypt:3)
  18 merfolk
  6 trolls
  A merfolk (shapeshifter) (Vaults:5)
  A harpy zombie (Crypt:3)
  6 wind drakes
  4 polar bears
  20 blink frogs
  Prince Ribbit (D:6)
  A death drake skeleton (Crypt:2)
  6 hornets
  15 tarantellas
  2 spriggan zombies
  A harpy skeleton (Crypt:2)
  9 dream sheep
  A deep troll skeleton (Vaults:3)
  13 snapping turtles
  15 jumping spiders
  44 slime creatures
  18 water elementals
  10 culicivoras
  A culicivora (shapeshifter) (Depths:4)
  A shadow (D:12)
  An ice dragon skeleton (Crypt:3)
  An ettin skeleton (Crypt:3)
  A spriggan (shapeshifter) (Elf:1)
  31 yaks
  A black mamba skeleton (Crypt:3)
  A spriggan skeleton (D:15)
  7 wraiths
  4 wyverns
  3 ushabtiu (Crypt:3)
  A fire elemental (Elf:1)
  4 humans (D:14)
  A tyrant leech zombie (Crypt:2)
  A warg (Orc:2)
  4 golden eyes (Slime:3)
  27 redbacks
  2 steam dragons (D:8)
  7 vampire mosquitoes (D:12)
  A faun zombie (Crypt:2)
  A demonspawn zombie (Crypt:1)
  2 acid dragons
  A naga zombie (Crypt:3)
  15 water moccasins
  A merfolk skeleton (Crypt:2)
  3 ice beasts
  2 sky beasts (D:7)
  31 orc warriors
  2 black bears
  A meliai simulacrum (D:14)
  2 crocodiles (Sewer)
  A crocodile (shapeshifter) (D:8)
  9 ogres
  A tengu (Orc:2)
  11 wolves
  13 centaurs
  A boggart (D:15)
  A phantom (D:7)
  A rime drake zombie (Crypt:2)
  5 kobold brigands
  Blork the orc (D:5)
  15 bullfrogs
  2 gnoll sergeants
  A necrophage (Crypt:3)
  An earth elemental (Elf:2)
  5 scorpions
  10 wights
  5 killer bees (D:9)
  A shapeshifter skeleton (Crypt:1)
  A troll skeleton (Crypt:1)
  7 electric eels
  8 howler monkeys
  A wolf skeleton (Crypt:1)
  2 gnoll boudas
  A bombardier beetle (D:6)
  A jelly (D:8)
  21 orc priests
  3 hounds
  3 iguanas (D:5)
  A bullfrog skeleton (Crypt:3)
  2 sleepcaps
  14 orc wizards
  A sickly merfolk siren (Sewer)
  A malarious merfolk avatar (Sewer)
  A hound zombie (Crypt:3)
  12 mummies (Crypt:3)
  Robin (D:2)
  13 gnolls
  7 adders
  2 river rats
  A shadow imp (D:6)
  A steam dragon skeleton (Crypt:3)
  2 white imps (D:6)
  4 ufetubi
  An iguana skeleton (Crypt:3)
  2 worms
  A dart slug (D:4)
  74 orcs
  17 ball pythons
  8 endoplasms
  6 giant cockroaches
  16 goblins
  13 hobgoblins
  7 jackals
  8 quokkas
  6 bats
  8 frilled lizards
  2 frilled lizard zombies
  A goblin skeleton (Crypt:1)
  15 kobolds
  An orc zombie (Crypt:2)
  8 rats
  2 butterflies (D:10)
  3 tentacles (Shoals:4)
2182 creatures vanquished.

Vanquished Creatures (others)
  A fire giant (Depths:2)
  A vault warden (Vaults:1)
  A deep elf knight (Elf:1)
  A deep elf zephyrmancer (Elf:3)
  A moth of wrath (Zot:1)
  9 tentacles (Shoals:4)
14 creatures vanquished.

Grand Total: 2196 creatures vanquished

Notes
Turn   | Place    | Note
-------+----------+-------------------------------------------
     0 | D:1      | EnegeticOcto the Mummy Alchemist began the quest for the
                  | Orb.
     0 | D:1      | Reached XP level 1. HP: 13/13 MP: 4/4
   121 | D:1      | Reached skill level 2 in Stealth
   348 | D:1      | Reached XP level 2. HP: 19/19 MP: 2/5
   451 | D:1      | Found Moene's Magic Scroll Shoppe.
   574 | D:1      | Found a faded altar of an unknown god.
   607 | D:1      | Bought a scroll of blinking for 75 gold pieces
  1068 | D:2      | Reached skill level 3 in Stealth
  1116 | D:2      | Learned a level 2 spell: Mercury Vapours
  1219 | D:2      | Reached XP level 3. HP: 24/24 MP: 2/7
  1219 | D:2      | Noticed Robin
  1220 | D:2      | Reached skill level 1 in Conjurations
  1575 | D:2      | Reached skill level 3 in Spellcasting
  1818 | D:2      | Killed Robin
  2168 | D:2      | Reached skill level 1 in Air Magic
  2168 | D:2      | Reached XP level 4. HP: 30/30 MP: 2/8
  2177 | D:2      | Reached skill level 3 in Alchemy
  2361 | D:2      | Learned a level 3 spell: Mephitic Cloud
  2783 | D:1      | Bought a scroll of teleportation for 30 gold pieces
  3629 | D:3      | Found a glowing drain.
  3641 | D:3      | Reached XP level 5. HP: 25/35 MP: 3/10
  3710 | Sewer    | Entered a sewer
  4265 | Sewer    | Learned a level 4 spell: Olgreb's Toxic Radiance
  4339 | Sewer    | Noticed a crocodile
  4359 | Sewer    | Killed a crocodile
  4360 | Sewer    | Reached skill level 4 in Spellcasting
  4360 | Sewer    | Reached skill level 2 in Air Magic
  4979 | Sewer    | Reached XP level 6. HP: 41/41 MP: 10/12
  5701 | Sewer    | Reached skill level 2 in Conjurations
  5701 | Sewer    | Reached skill level 4 in Alchemy
  6428 | D:1      | Bought a scroll of vulnerability for 40 gold pieces
  6428 | D:1      | Bought a scroll of enchant weapon for 75 gold pieces
  6882 | D:4      | Identified the +6 mace of the Hidden Vale {vamp, rF- rC-
                  | rCorr Dex+9}
  6945 | D:4      | Reached skill level 1 in Fighting
  7203 | D:4      | Found a burning altar of Makhleb.
  7760 | D:5      | Entered Level 5 of the Dungeon
  7805 | D:5      | Reached XP level 7. HP: 42/49 MP: 6/13
  7914 | D:5      | Reached skill level 2 in Fighting
  7985 | D:5      | Reached skill level 5 in Alchemy
  8783 | D:5      | Reached skill level 5 in Spellcasting
  8889 | D:5      | Noticed Blork the orc
  9042 | D:5      | Found a staircase to the Ecumenical Temple.
  9050 | Temple   | Entered the Ecumenical Temple
  9186 | D:5      | Killed Blork the orc
  9341 | D:6      | Learned a level 4 spell: Sticky Flame
  9477 | D:6      | Reached XP level 8. HP: 56/56 MP: 6/15
  9556 | D:6      | Reached skill level 1 in Fire Magic
  9556 | D:6      | Reached skill level 6 in Alchemy
  9685 | D:6      | Noticed an angel
  9855 | D:6      | Found Tueng's Antique Armour Shoppe.
  9925 | D:6      | Reached skill level 3 in Fighting
 10178 | D:6      | Noticed Prince Ribbit
 10185 | D:6      | Killed Prince Ribbit
 10186 | D:6      | Reached skill level 6 in Spellcasting
 10186 | D:6      | Reached skill level 2 in Fire Magic
 10355 | D:6      | Reached skill level 1 in Shields
 10583 | D:6      | Bought a pair of brightly glowing gloves for 275 gold
                  | pieces
 10583 | D:6      | Identified the +2 pair of gloves of Tohobyar {+Inv} (You
                  | bought it in a shop on level 6 of the Dungeon)
 10615 | D:7      | Reached skill level 4 in Fighting
 10792 | D:7      | Reached skill level 2 in Shields
 10792 | D:7      | Reached skill level 3 in Fire Magic
 10792 | D:7      | Reached XP level 9. HP: 65/65 MP: 2/18
 10858 | D:7      | Reached skill level 7 in Alchemy
 11043 | D:7      | Found an opulent altar of Gozag.
 11183 | D:7      | Identified the +7 short sword "Goblinbane" {holy, rN+ Will-
                  | Str+8 Stlth-}
 12224 | D:7      | Reached skill level 3 in Shields
 12224 | D:7      | Reached skill level 1 in Evocations
 12436 | D:8      | Reached skill level 5 in Fighting
 12473 | D:8      | Reached skill level 7 in Spellcasting
 12888 | D:8      | Noticed a fire crab
 13031 | D:8      | Found a blossoming altar of Fedhas.
 13033 | D:8      | Noticed a gargoyle
 13038 | D:8      | Found a hide-covered altar of Uskayaw.
 13042 | D:8      | Became a worshipper of Uskayaw the Reveller
 13201 | D:8      | Reached * piety under Uskayaw
 13206 | D:8      | Reached ** piety under Uskayaw
 14244 | D:8      | Killed a gargoyle
 14245 | D:8      | Reached skill level 2 in Evocations
 14522 | D:8      | Noticed Jeremiah
 14535 | D:8      | Reached *** piety under Uskayaw
 14537 | D:8      | Killed Jeremiah
 14538 | D:8      | Reached XP level 10. HP: 74/74 MP: 0/21
 14997 | D:8      | Found a blossoming altar of Fedhas.
 15000 | D:8      | Found a hide-covered altar of Uskayaw.
 15938 | D:9      | Noticed a two-headed ogre
 15942 | D:9      | Reached **** piety under Uskayaw
 15950 | D:9      | Killed a two-headed ogre
 15950 | D:9      | Reached ***** piety under Uskayaw
 15951 | D:9      | Reached skill level 6 in Fighting
 15951 | D:9      | Reached skill level 4 in Shields
 15951 | D:9      | Reached skill level 8 in Spellcasting
 15951 | D:9      | Reached skill level 4 in Fire Magic
 15951 | D:9      | Reached skill level 3 in Evocations
 16216 | D:9      | Noticed an elephant
 16233 | D:9      | Killed an elephant
 16234 | D:9      | Reached skill level 1 in Invocations
 16478 | D:9      | Reached skill level 8 in Alchemy
 16483 | D:9      | Reached skill level 2 in Invocations
 16483 | D:9      | Reached skill level 4 in Evocations
 16923 | D:9      | Reached skill level 3 in Invocations
 17041 | D:9      | Noticed a two-headed ogre
 17055 | D:9      | Killed a two-headed ogre
 17056 | D:9      | Reached XP level 11. HP: 81/81 MP: 8/23
 17659 | D:9      | Reached skill level 5 in Evocations
 17787 | D:9      | Found a staircase to the Lair.
 18203 | D:9      | Found a staircase to the Lair.
 18433 | D:10     | Entered Level 10 of the Dungeon
 18500 | D:10     | Reached skill level 4 in Invocations
 18836 | D:10     | Noticed a two-headed ogre
 18849 | D:10     | Killed a two-headed ogre
 18987 | D:10     | Found a portal to a secret trove of treasure.
 19013 | D:10     | Noticed a two-headed ogre
 19035 | D:10     | Killed a two-headed ogre
 19036 | D:10     | Reached skill level 9 in Alchemy
 19228 | D:10     | Noticed a two-headed ogre
 19256 | D:10     | Killed a two-headed ogre
 19257 | D:10     | Reached skill level 5 in Invocations
 19257 | D:10     | Reached skill level 6 in Evocations
 19367 | D:10     | Noticed a two-headed ogre
 19383 | D:10     | Killed a two-headed ogre
 19478 | D:10     | Reached skill level 6 in Invocations
 19529 | D:10     | Found a staircase to the Orcish Mines.
 19580 | D:10     | Noticed a two-headed ogre
 19594 | D:10     | Killed a two-headed ogre
 19595 | D:10     | Reached skill level 1 in Armour
 19595 | D:10     | Reached skill level 2 in Dodging
 19853 | D:10     | Found a bloodstained altar of Trog.
 19991 | D:10     | Identified the +6 trident of Esaekish {drain, Fly rF- Int+3
                  | Stlth+}
 20117 | Lair:1   | Entered Level 1 of the Lair of Beasts
 20122 | Lair:1   | Reached skill level 2 in Armour
 20453 | D:6      | Bought a steaming scale mail for 261 gold pieces
 20453 | D:6      | Identified the +6 scale mail "Wonnaw" {rN+++ Int+2} (You
                  | bought it in a shop on level 6 of the Dungeon)
 20573 | Lair:1   | Reached skill level 3 in Armour
 20580 | Lair:1   | Noticed Erica
 20588 | Lair:1   | Reached skill level 3 in Dodging
 20588 | Lair:1   | Killed Erica
 20589 | Lair:1   | Reached skill level 9 in Spellcasting
 20589 | Lair:1   | Reached XP level 12. HP: 84/89 MP: 4/25
 20889 | Lair:1   | Reached skill level 7 in Fighting
 20889 | Lair:1   | Reached skill level 4 in Armour
 21111 | Lair:1   | Reached ****** piety under Uskayaw
 21254 | Lair:1   | Reached skill level 5 in Armour
 21387 | Lair:1   | Reached skill level 4 in Dodging
 22002 | Lair:2   | Reached skill level 10 in Spellcasting
 22215 | Lair:2   | Noticed a boulder beetle
 22220 | Lair:2   | Reached skill level 8 in Fighting
 22220 | Lair:2   | Reached skill level 6 in Armour
 22225 | Lair:2   | Killed a boulder beetle
 22307 | Lair:2   | Noticed a boulder beetle
 22319 | Lair:2   | Killed a boulder beetle
 22320 | Lair:2   | Reached skill level 5 in Dodging
 22423 | Lair:2   | Reached skill level 7 in Armour
 22510 | Lair:2   | Reached skill level 8 in Armour
 22816 | Lair:2   | Found a staircase to the Shoals.
 22979 | Lair:2   | Reached skill level 9 in Armour
 22979 | Lair:2   | Reached skill level 5 in Shields
 22979 | Lair:2   | Gained mutation: You are strongly in touch with the powers
                  | of death. [Mummy growth]
 22979 | Lair:2   | Reached XP level 13. HP: 98/98 MP: 7/27
 23109 | Lair:2   | Found a hole to the Spider Nest.
 23673 | Lair:2   | Reached skill level 10 in Armour
 24008 | Lair:3   | Found a hide-covered altar of Uskayaw.
 24355 | Lair:3   | Reached skill level 11 in Armour
 25571 | Lair:4   | Reached skill level 12 in Armour
 25673 | Lair:4   | Learned a level 1 spell: Apportation
 25677 | Lair:4   | Learned a level 3 spell: Fugue of the Fallen
 25682 | Lair:4   | Learned a level 4 spell: Dispel Undead
 25854 | Lair:4   | Reached skill level 1 in Necromancy
 26392 | Lair:5   | Entered Level 5 of the Lair of Beasts
 26426 | Lair:5   | Reached skill level 2 in Necromancy
 26870 | Lair:5   | Identified the +1 short sword of Beyond {holy, rC+}
 26883 | Lair:5   | Reached skill level 3 in Necromancy
 26883 | Lair:5   | Reached skill level 7 in Invocations
 27038 | Lair:5   | Reached skill level 7 in Evocations
 27281 | Lair:5   | Reached XP level 14. HP: 103/105 MP: 24/28
 27457 | Lair:5   | Reached skill level 4 in Necromancy
 27977 | Lair:5   | Identified the +10 arbalest of the Salmon {drain, rPois rN+
                  | Str+3 SInv}
 28312 | Lair:5   | Found a runed translucent door.
 28313 | Lair:5   | Found a viscous altar of Jiyva.
 28314 | Lair:5   | Found a staircase to the Slime Pits.
 28314 | Lair:5   | Noticed an azure jelly
 28315 | Lair:5   | Noticed an azure jelly
 28315 | Lair:5   | Noticed an azure jelly
 28862 | Orc:1    | Entered Level 1 of the Orcish Mines
 29043 | Orc:1    | Reached skill level 5 in Necromancy
 29522 | Orc:1    | Reached skill level 8 in Invocations
 29896 | Orc:2    | Entered Level 2 of the Orcish Mines
 30126 | Orc:2    | Found a staircase to the Elven Halls.
 30300 | Orc:2    | Noticed Sonja
 30305 | Orc:2    | Sonja changed into Sonja the tengu
 30305 | Orc:2    | Noticed Sonja
 30310 | Orc:2    | Killed Sonja the tengu
 30357 | Orc:2    | Noticed an orc warlord
 30391 | Orc:2    | Killed an orc warlord
 30392 | Orc:2    | Reached skill level 8 in Evocations
 30584 | Orc:2    | Reached skill level 6 in Necromancy
 31613 | Orc:2    | Found Pukh's Jewellery Shoppe.
 31703 | Orc:2    | Found Lolij's Armour Shop.
 31883 | Orc:2    | Noticed an orc warlord
 31891 | Orc:2    | Reached skill level 7 in Necromancy
 31900 | Orc:2    | Killed an orc warlord
 32166 | Orc:2    | Found Hyfeb's Antique Weapon Shoppe.
 32168 | Orc:2    | Found Ukanicuy's Antique Armour Emporium.
 32187 | Orc:2    | Bought an ancient ring mail for 279 gold pieces
 32187 | Orc:2    | Identified the +4 ring mail of the Harvest {rElec} (You
                  | bought it in a shop on level 2 of the Orcish Mines)
 32187 | Orc:2    | Bought a pair of jewelled gloves for 294 gold pieces
 32187 | Orc:2    | Identified the +2 pair of gloves of Sofe {-Tele rN++ Str+5}
                  | (You bought it in a shop on level 2 of the Orcish Mines)
 32245 | Orc:2    | Bought a +2 cloak of preservation for 322 gold pieces
 32789 | D:11     | Reached skill level 9 in Evocations
 33653 | D:12     | Reached skill level 8 in Necromancy
 34915 | D:13     | Noticed Frances
 34928 | D:13     | Killed Frances
 35770 | D:13     | Reached XP level 15. HP: 85/112 MP: 17/29
 37678 | D:14     | Found a gate to the Vaults.
 37763 | D:15     | Entered Level 15 of the Dungeon
 37980 | D:15     | Identified the amulet of Yendor {+Inv rC- rN++ Regen+}
 38098 | D:15     | Reached skill level 6 in Dodging
 38279 | D:15     | Reached skill level 6 in Shields
 38289 | D:15     | Reached skill level 9 in Fighting
 38644 | D:15     | Found a staircase to the Depths.
 38857 | D:15     | Found Leiry's General Store.
 38940 | D:15     | Bought a wand of digging (5) for 252 gold pieces
 38940 | D:15     | Bought a +0 buckler of protection for 138 gold pieces
 40110 | D:15     | Noticed Roxanne
 40504 | D:6      | Bought a glowing helmet for 217 gold pieces
 40606 | Spider:1 | Entered Level 1 of the Spider Nest
 40826 | Spider:1 | Reached skill level 9 in Invocations
 41373 | Spider:1 | Found the +3 giant club "Skullcrusher" {speed, Str+7}
 41947 | Spider:2 | Reached skill level 10 in Alchemy
 42374 | Spider:2 | Noticed an emperor scorpion
 42385 | Spider:2 | Killed an emperor scorpion
 43405 | Spider:2 | Reached skill level 7 in Shields
 43468 | Spider:2 | Reached skill level 7 in Dodging
 43526 | Spider:2 | Identified the maw talisman of Nihezun {rPois rCorr Dex+4}
 44035 | Spider:3 | Reached XP level 16. HP: 122/122 MP: 18/30
 44040 | Spider:3 | Reached skill level 10 in Fighting
 44124 | Spider:3 | Noticed Mlioglotl
 44292 | Spider:3 | Killed Mlioglotl
 45421 | Spider:3 | Reached skill level 10 in Invocations
 46224 | Spider:4 | Entered Level 4 of the Spider Nest
 46418 | Spider:4 | Noticed Asterion
 46428 | Spider:4 | Killed Asterion
 46937 | Spider:4 | Noticed Arachne
 46966 | Spider:4 | Killed Arachne
 47439 | Spider:4 | Reached skill level 8 in Shields
 47562 | Spider:4 | Identified the +0 scale mail of Intuition {*Corrode rC-
                  | Str+10 SInv}
 47576 | Spider:4 | Reached skill level 8 in Dodging
 47728 | Spider:4 | Noticed Bai Suzhen
 48176 | Spider:4 | Reached skill level 11 in Alchemy
 49884 | Spider:4 | Found the +3 hat of Pondering {ponderous, Will+ MP+10
                  | Int+5}
 49892 | Spider:4 | Got a gossamer rune of Zot
 50020 | Spider:4 | Identified the +2 pair of gloves "Lanoyri" {rElec Will+
                  | Str-4}
 50200 | Shoals:1 | Entered Level 1 of the Shoals
 50303 | Shoals:1 | Found Feniwes's Assorted Antiques.
 50316 | Shoals:1 | Reached skill level 11 in Invocations
 50436 | Shoals:1 | Bought a scroll labelled ZOGERCH IL GIULLOA for 26 gold
                  | pieces
 50758 | Shoals:1 | Found Qommij's Antique Armour Boutique.
 50838 | Shoals:1 | Reached skill level 9 in Dodging
 51138 | Shoals:1 | Found Vuek's Armour Boutique.
 51244 | Shoals:1 | Found Omuapp's Magic Scroll Shoppe.
 51320 | Shoals:1 | Reached XP level 17. HP: 128/128 MP: 26/31
 51808 | Shoals:2 | Noticed Donald
 51816 | Shoals:2 | Killed Donald
 52627 | Shoals:2 | Reached skill level 12 in Alchemy
 53217 | Shoals:3 | Reached skill level 12 in Invocations
 53589 | Shoals:3 | Found a runed translucent gate.
 53590 | Shoals:3 | Found a runed translucent gate.
 53591 | Shoals:3 | Found a runed translucent gate.
 53591 | Shoals:3 | Noticed Numeemo's ghost (adept HOSh)
 53785 | Shoals:3 | Identified the +3 halberd "Death Rattle" {holy, Str+3}
 54217 | Shoals:4 | Entered Level 4 of the Shoals
 54837 | Shoals:4 | Reached skill level 1 in Short Blades
 55315 | Shoals:4 | Reached skill level 11 in Spellcasting
 56361 | Shoals:4 | Reached skill level 2 in Short Blades
 56851 | Shoals:4 | Found the +15 Maxwell's patent armour {-Cast -Tele rElec
                  | Will+ rCorr}
 56893 | Shoals:4 | Reached skill level 11 in Fighting
 56902 | Shoals:4 | Got Ziqurphe's Omnibus of Enchanting Conduction
 56961 | Shoals:4 | Learned a level 3 spell: Swiftness
 56966 | Shoals:4 | Learned a level 4 spell: Fulminant Prism
 56971 | Shoals:4 | Learned a level 4 spell: Manifold Assault
 56999 | Shoals:4 | Found Bezxybli's Vocational Training.
 57085 | Shoals:4 | Reached skill level 3 in Short Blades
 57270 | Shoals:4 | Got Sif Muna's Catalogue of Enchanted Position
 57407 | Shoals:4 | Found Ufruudott's Book Shoppe.
 57417 | Shoals:4 | Bought a book of Transmutation for 476 gold pieces
 57423 | Shoals:4 | Learned a level 5 spell: Irradiate
 57722 | Shoals:4 | Noticed a kraken
 57771 | Shoals:4 | Killed a kraken
 57772 | Shoals:4 | Reached skill level 3 in Conjurations
 57908 | Shoals:4 | Reached skill level 4 in Conjurations
 58450 | Shoals:4 | Got a barnacled rune of Zot
 58892 | Vaults:1 | Entered Level 1 of the Vaults
 58990 | Vaults:1 | Reached skill level 5 in Conjurations
 59242 | Vaults:1 | Reached skill level 6 in Conjurations
 59556 | Vaults:1 | Reached XP level 18. HP: 138/138 MP: 10/33
 59645 | Vaults:1 | Reached skill level 7 in Conjurations
 59742 | Vaults:1 | Noticed a lich
 59751 | Vaults:1 | Killed a lich
 60191 | Vaults:1 | Found a huge runed gate.
 60191 | Vaults:1 | Found a huge runed gate.
 60191 | Vaults:1 | Found a huge runed gate.
 60191 | Vaults:1 | Found a huge runed gate.
 60191 | Vaults:1 | Found a huge runed gate.
 60191 | Vaults:1 | Found a huge runed gate.
 60192 | Vaults:1 | Found a huge runed gate.
 60193 | Vaults:1 | Found a huge runed gate.
 60193 | Vaults:1 | Found a huge runed gate.
 60195 | Vaults:1 | Found a huge runed gate.
 60195 | Vaults:1 | Found a huge runed gate.
 60195 | Vaults:1 | Found a huge runed gate.
 60195 | Vaults:1 | Found a huge runed gate.
 60195 | Vaults:1 | Found a huge runed gate.
 60195 | Vaults:1 | Found a huge runed gate.
 60196 | Vaults:1 | Found a huge runed gate.
 60197 | Vaults:1 | Found a huge runed gate.
 60198 | Vaults:1 | Found a huge runed gate.
 60206 | Vaults:1 | Found a huge runed gate.
 60206 | Vaults:1 | Found a huge runed gate.
 60206 | Vaults:1 | Found a huge runed gate.
 60206 | Vaults:1 | Found a huge runed gate.
 60206 | Vaults:1 | Found a huge runed gate.
 60206 | Vaults:1 | Found a huge runed gate.
 60207 | Vaults:1 | Found a huge runed gate.
 60208 | Vaults:1 | Found a huge runed gate.
 60209 | Vaults:1 | Found a huge runed gate.
 60217 | Vaults:1 | Found a huge runed gate.
 60217 | Vaults:1 | Found a huge runed gate.
 60217 | Vaults:1 | Found a huge runed gate.
 60217 | Vaults:1 | Found a huge runed gate.
 60217 | Vaults:1 | Found a huge runed gate.
 60217 | Vaults:1 | Found a huge runed gate.
 60218 | Vaults:1 | Found a huge runed gate.
 60219 | Vaults:1 | Found a huge runed gate.
 60220 | Vaults:1 | Found a huge runed gate.
 60628 | Vaults:1 | Found Ruatoipi's Weapon Emporium.
 62701 | Vaults:2 | Reached skill level 12 in Spellcasting
 62782 | Vaults:2 | Reached skill level 12 in Fighting
 62841 | Vaults:2 | Reached skill level 8 in Conjurations
 63247 | Vaults:2 | Reached skill level 13 in Fighting
 63401 | Vaults:2 | Identified the +4 falchion of the Living Dead {venom, Dex+2
                  | Stlth+}
 64407 | Vaults:3 | Found a staircase to the Crypt.
 64523 | Vaults:3 | Reached skill level 13 in Spellcasting
 64700 | Vaults:3 | Reached XP level 19. HP: 122/151 MP: 35/36
 65137 | Vaults:3 | Noticed Mennas
 65146 | Vaults:3 | Noticed Xtahua
 65185 | Vaults:3 | Found a transporter.
 65186 | Vaults:3 | Found a shimmering blue altar of Sif Muna.
 65189 | Vaults:3 | Identified the ring "Xafushrue" {rElec rPois rC+ Slay-3}
 65256 | Vaults:4 | Reached skill level 14 in Fighting
 65321 | Vaults:4 | Reached skill level 13 in Invocations
 65800 | Vaults:4 | Reached skill level 14 in Spellcasting
 66958 | Vaults:4 | Identified the +2 cloak of Coceareyt {Dex+4}
 67614 | Shoals:1 | Bought a slimy ring mail for 279 gold pieces
 67614 | Shoals:1 | Identified the +3 ring mail of the Heron {*Slow Will+
                  | rCorr} (You bought it in a shop on level 1 of the Shoals)
 67794 | Elf:1    | Entered Level 1 of the Elven Halls
 68112 | Elf:1    | Reached skill level 15 in Fighting
 68516 | Elf:1    | Reached skill level 15 in Spellcasting
 68858 | Elf:1    | Reached skill level 14 in Invocations
 69088 | Elf:1    | Noticed Norris
 69620 | Elf:1    | Reached skill level 9 in Conjurations
 69633 | Elf:1    | Killed Norris
 69634 | Elf:1    | Reached XP level 20. HP: 125/162 MP: 15/39
 70843 | Elf:2    | Found a runed translucent gate.
 70843 | Elf:2    | Found a runed translucent gate.
 70845 | Elf:2    | Found a runed translucent gate.
 71452 | Elf:2    | Found a radiant altar of Vehumet.
 72103 | Elf:2    | Reached skill level 15 in Invocations
 73164 | Elf:2    | Reached skill level 10 in Conjurations
 73201 | Elf:1    | Learned a level 6 spell: Bombard
 75121 | Elf:2    | Reached skill level 1 in Earth Magic
 76271 | Elf:2    | Reached skill level 2 in Earth Magic
 76953 | Elf:3    | Entered Level 3 of the Elven Halls
 76987 | Elf:3    | Reached skill level 3 in Earth Magic
 77154 | Elf:3    | Found Noanwol's Jewellery Boutique.
 77411 | Elf:3    | Noticed Louise
 77417 | Elf:3    | Killed Louise
 77717 | Elf:3    | Learned a level 3 spell: Passwall
 77723 | Elf:3    | Learned a level 5 spell: Yara's Violent Unravelling
 77866 | Elf:3    | Identified the ring of Suhyom {rElec rN+ Stlth+}
 78553 | Elf:3    | Reached skill level 4 in Short Blades
 78553 | Elf:3    | Reached skill level 11 in Conjurations
 80408 | Elf:3    | Identified the +3 shortbow of Bloody Death {drain, Fly
                  | Will+}
 80465 | Elf:3    | Identified the +1 great mace of Inconvenience {venom, rC-
                  | rN+ Will+}
 80473 | Elf:3    | Reached skill level 5 in Short Blades
 80814 | Elf:3    | Identified the +9 great sword of the Reasonable God {flame,
                  | rN++ Str-2 Int+2}
 81468 | Elf:3    | Identified the ring "Saxolon" {^Contam MP+9 Dex+8}
 81903 | Elf:3    | Got the Incunabulum of Hyperbolic Fever
 82127 | Elf:3    | Identified the +2 quarterstaff of Ekhlexes {freeze, rPois
                  | rF+}
 82332 | Elf:3    | Found Noanwol's Jewellery Boutique.
 83165 | Shoals:3 | Identified the +0 cloak "Heepalea" {rElec}
 83177 | Shoals:3 | Killed Numeemo's ghost
 83684 | Shoals:3 | Learned a level 4 spell: Vhi's Electric Charge
 83690 | Shoals:3 | Learned a level 4 spell: Ignite Poison
 83915 | Depths:1 | Entered Level 1 of the Depths
 84027 | Depths:1 | Reached skill level 1 in Translocations
 84027 | Depths:1 | Reached XP level 21. HP: 162/168 MP: 27/40
 84052 | Depths:1 | Reached skill level 2 in Translocations
 84372 | Depths:1 | Found a gateway to Hell.
 84523 | D:10     | You paid a toll of 2 scrolls of acquirement to enter a
                  | treasure trove
 84524 | Trove    | Entered a treasure trove
 84707 | Depths:1 | Reached skill level 6 in Short Blades
 84927 | Depths:1 | Noticed a caustic shrike
 84942 | Depths:1 | Noticed a caustic shrike
 84949 | Depths:1 | Killed a caustic shrike
 84949 | Depths:1 | Killed a caustic shrike
 84950 | Depths:1 | Reached skill level 3 in Translocations
 85277 | Depths:1 | Reached skill level 12 in Conjurations
 85626 | Depths:1 | Reached skill level 4 in Translocations
 86312 | Depths:2 | Reached skill level 10 in Dodging
 86607 | Depths:2 | Reached skill level 5 in Translocations
 86615 | Depths:2 | Reached skill level 7 in Short Blades
 86937 | Depths:2 | Reached skill level 6 in Translocations
 87402 | Depths:2 | Identified the +2 scale mail of Kani Muine {rPois}
 87432 | Depths:2 | Noticed a juggernaut
 87459 | Depths:2 | Killed a juggernaut
 87598 | Depths:2 | Identified the +11 sling "Vasamog" {flame, rF++}
 87632 | Depths:2 | Found a one-way gate leading to the halls of Pandemonium.
 88673 | Shoals:4 | Bought a manual of Invocations for 1440 gold pieces
 88830 | Lair:5   | Reached skill level 7 in Translocations
 89292 | Spider:4 | Killed Bai Suzhen
 89944 | Depths:2 | Reached skill level 8 in Short Blades
 90615 | Shoals:1 | Bought a runed scarf for 248 gold pieces
 90881 | Elf:3    | Bought an amulet of magic regeneration for 450 gold pieces
 91448 | D:1      | Bought a scroll of teleportation for 30 gold pieces
 91852 | Depths:3 | Identified the +7 trident "Tormentor" {freeze, Int+2}
 91939 | Depths:3 | Reached skill level 11 in Dodging
 91939 | Depths:3 | Reached skill level 8 in Translocations
 92009 | Depths:3 | Found a corrupted altar of Lugonu.
 92009 | Depths:3 | Found a one-way gate to the infinite horrors of the Abyss.
 92154 | Depths:3 | Reached XP level 22. HP: 139/175 MP: 34/41
 92592 | Depths:3 | Reached skill level 9 in Translocations
 92685 | Depths:3 | Found a runed translucent door.
 92712 | Depths:3 | Found a radiant altar of Vehumet.
 92714 | Depths:3 | Noticed an ancient lich
 93131 | Depths:3 | Noticed a golden dragon
 93148 | Depths:3 | Killed a golden dragon
 93190 | Depths:3 | Noticed a caustic shrike
 93200 | Depths:3 | Killed a caustic shrike
 93352 | Depths:3 | Reached skill level 9 in Short Blades
 93480 | Depths:3 | Identified the +5 shortbow of the Spheres {drain, Str+4
                  | Int+5}
 94130 | Depths:3 | Found a corrupted altar of Lugonu.
 94130 | Depths:3 | Found a one-way gate to the infinite horrors of the Abyss.
 94540 | Depths:4 | Entered Level 4 of the Depths
 94681 | Depths:4 | Reached skill level 10 in Translocations
 94955 | Depths:4 | Found a one-way gateway to a ziggurat.
 94967 | Depths:4 | Found a sparkling altar of Nemelex Xobeh.
 95097 | Depths:4 | Noticed a golden dragon
 95115 | Depths:4 | Killed a golden dragon
 95116 | Depths:4 | Reached skill level 12 in Dodging
 95194 | Depths:4 | Reached skill level 1 in Hexes
 95284 | Depths:4 | Reached skill level 2 in Hexes
 95466 | Depths:4 | Reached skill level 10 in Short Blades
 95502 | Depths:4 | Identified the +1 robe of Apathy {Rampage}
 95561 | Depths:4 | Noticed a golden dragon
 95572 | Depths:4 | Killed a golden dragon
 95573 | Depths:4 | Reached skill level 3 in Hexes
 95890 | Depths:4 | Found a gate to the Realm of Zot.
 96570 | Vaults:4 | You fall into a shaft and drop 1 floor!
 96570 | Vaults:5 | Entered Level 5 of the Vaults
 96713 | Vaults:5 | Noticed a dread lich
 96719 | Vaults:5 | Killed a dread lich
 96720 | Vaults:5 | Reached skill level 16 in Invocations
 97036 | Vaults:5 | Reached skill level 16 in Spellcasting
 97366 | Vaults:5 | Reached XP level 23. HP: 165/183 MP: 38/43
 97652 | Vaults:5 | Identified the +7 war axe "Inocole" {vamp, *Slow rN+ Str+3
                  | Dex+3}
 97926 | Vaults:5 | Reached skill level 16 in Fighting
 98047 | Vaults:5 | Got a silver rune of Zot
 98587 | Vaults:5 | Reached skill level 17 in Invocations
 99007 | Vaults:5 | Identified the +5 ring mail "Feloschag" {Int+2}
 99114 | Vaults:5 | Reached skill level 17 in Spellcasting
 99873 | Vaults:5 | Reached skill level 18 in Invocations
 99971 | Vaults:5 | Found Sarin's Antique Weapon Boutique.
100005 | Vaults:5 | Bought a warped flail for 280 gold pieces
100005 | Vaults:5 | Identified the +9 flail of the New World {vamp, rF+ Int+5
                  | Dex+3} (You bought it in a shop on level 5 of the Vaults)
100201 | Vaults:5 | Reached skill level 17 in Fighting
100641 | Vaults:5 | Noticed Mara
100658 | Vaults:5 | Killed Mara
101081 | Vaults:5 | Found Sarin's Antique Weapon Boutique.
101421 | Crypt:1  | Entered Level 1 of the Crypt
101760 | Crypt:1  | Reached skill level 18 in Spellcasting
101858 | Crypt:1  | Found a runed translucent gate.
101859 | Crypt:1  | Found a runed translucent gate.
101860 | Crypt:1  | Found a runed translucent gate.
101920 | Crypt:1  | Identified the +1 robe of the Lily {Will++ Str-2 Archmagi}
102087 | Crypt:1  | Noticed Wed Dyk's ghost (veteran MiBe)
102155 | Crypt:1  | You fall into a shaft and drop 1 floor!
102590 | Crypt:1  | Reached skill level 19 in Invocations
102592 | Crypt:1  | Reached XP level 24. HP: 196/197 MP: 40/45
103129 | Crypt:2  | Reached skill level 18 in Fighting
103337 | Crypt:2  | Identified the +12 scimitar of the Countless Dances {venom,
                  | *Noise rPois Int+6 SInv}
103660 | Crypt:3  | Entered Level 3 of the Crypt
104301 | Crypt:3  | Identified the +0 long sword of the Heart {vamp, *Noise
                  | rCorr Str+6 Dex+3}
104558 | Crypt:3  | Identified the +0 ring mail of Omoghuxt {^Drain rF+ Dex+3
                  | Slay+2}
104650 | Crypt:3  | Reached skill level 20 in Invocations
105543 | Crypt:3  | Found a staircase to the Tomb.
105788 | Crypt:3  | Identified the +5 shortbow "Wutotziubb" {antimagic, rC-
                  | Int+4 Dex+4}
105788 | Crypt:3  | Identified the +0 robe of Loss {+Blink rC+ rCorr Int+3}
105973 | Crypt:3  | Found an ancient bone altar of Kikubaaqudgha.
105975 | Crypt:3  | Found a basalt altar of Yredelemnul.
105976 | Crypt:3  | Found the +8 demon trident "Rift" {distort, reach+}
105988 | Crypt:3  | Identified the granite talisman of Lugonu's Displeasure
                  | {rC+ Will+ rCorr Str-4}
107365 | D:1      | Bought 3 scrolls of teleportation for 90 gold pieces
107654 | Shoals:1 | Bought a scroll of fog for 44 gold pieces
107654 | Shoals:1 | Bought a scroll of teleportation for 33 gold pieces
107967 | Zot:1    | Entered Level 1 of the Realm of Zot
107996 | Zot:1    | Reached skill level 21 in Invocations
108793 | Zot:1    | Noticed Vv
109142 | Zot:2    | Noticed an orb of fire
109154 | Zot:2    | Killed an orb of fire
109601 | Zot:2    | Reached skill level 22 in Invocations
110482 | Zot:3    | Reached XP level 25. HP: 189/204 MP: 42/45
111415 | Zot:3    | Reached skill level 23 in Invocations
114348 | Zot:5    | Entered Level 5 of the Realm of Zot
114938 | Zot:5    | Reached skill level 24 in Invocations
115115 | Zot:5    | Learned a level 6 spell: Dispersal
118347 | Zot:5    | Noticed a Killer Klown
118359 | Zot:5    | Killed a Killer Klown
118376 | Zot:5    | Noticed a Killer Klown
118390 | Zot:5    | Killed a Killer Klown
119210 | Zot:5    | Reached skill level 25 in Invocations
119467 | Zot:5    | Noticed a Killer Klown
119474 | Zot:5    | Killed a Killer Klown
119629 | Zot:5    | Noticed an orb of fire
119640 | Zot:5    | Killed an orb of fire
120166 | Zot:5    | Noticed an ancient lich
120173 | Zot:5    | Killed an ancient lich
120174 | Zot:5    | Reached XP level 26. HP: 211/211 MP: 45/45
123067 | Zot:5    | Noticed an ancient lich
123079 | Zot:5    | Killed an ancient lich
123082 | Zot:5    | Noticed an orb of fire
123095 | Zot:5    | Killed an orb of fire
123096 | Zot:5    | Reached skill level 26 in Invocations
123193 | Zot:5    | Noticed an orb of fire
124050 | Zot:5    | Noticed an orb of fire
124067 | Zot:5    | Killed an orb of fire
124111 | Zot:5    | Noticed an orb of fire
124121 | Zot:5    | Killed an orb of fire
124190 | Zot:5    | Noticed an orb of fire
124194 | Zot:5    | Noticed an orb of fire
124201 | Zot:5    | Killed an orb of fire
124202 | Zot:5    | Killed an orb of fire
124411 | Zot:5    | Killed an orb of fire
126120 | Slime:1  | Entered Level 1 of the Pits of Slime
127316 | Slime:3  | Found a viscous altar of Jiyva.
127801 | Slime:4  | Reached skill level 27 in Invocations
128312 | Zot:5    | Got the Orb of Zot
128577 | D:14     | Noticed Piwur the pandemonium lord
128644 | D:9      | Noticed Zocelio the pandemonium lord
128832 | D:$      | Escaped with the Orb!

Illustrated notes

Levels and vault maps discovered:
D:1:      minmay_arrival_three_doors, layout_loops_ring,
          shapermc_ecumenical_altar_starsandcircs, serial_shops,
          nicolae_shop_tiny_real_fake_doors, nicolae_figureground_sparkle
D:2:      minmay_thinvault, layout_basic, uniq_robin
D:3:      minmay_spotlight, layout_rooms,
          mainiacjoe_sewer_entry_somewhere_in_here_1
D:4:      layout_basic, mainiacjoe_overflow_boulevard, chequers_jeans,
          chequers_serial_rivers_micro_c
D:5:      layout_loops_corners, minmay_temple_entry_glassed_door,
          uniq_blork_the_orc
D:6:      layout_basic, zin_angel, serial_shops, kennysheep_mini,
          kennysheep_cluttered_room, hangedman_decor_opposing,
          nicolae_lava_and_water, uniq_prince_ribbit1
D:7:      layout_basic, grunt_gozag_statues, serial_rivers,
          chequers_serial_rivers_small_b, chequers_serial_rivers_micro_d,
          chequers_serial_rivers_micro_b, chequers_serial_rivers_large_b,
          chequers_serial_rivers_large_a, chequers_serial_rivers_marsh,
          minmay_between
D:8:      layout_gridville, mainiacjoe_overflow_big_doors,
          minmay_manual_monolith, uniq_jeremiah
D:9:      layout_long_grid, grunt_lair_entry_orc_guard_hut,
          minmay_joined_circles
D:10:     layout_big_octagon, lightli_temple_of_fire,
          minmay_orc_entry_temple_small, serial_bayou, serial_bayou_pond_a,
          serial_bayou_pond_e, serial_bayou_pond_b, serial_bayou_shore_b,
          nicolae_trove_entry_crystal, hangedman_glass_garden
D:11:     layout_basic, minivault_19
D:12:     layout_small_grid
D:13:     layout_rooms, hangedman_decor_points, serial_park_tiny_2,
          lemuel_flame_loot_1, uniq_frances
D:14:     layout_layer_cave, hellmonk_vaults_keyhole, minivault_27
D:15:     gammafunk_depths_entry_grave, layout_basic, serial_shops, shop,
          minmay_misc_feat_tower, serial_library_hellmonk_octagon, uniq_roxanne
Temple:   nicolae_temple_bog_church
Lair:1:   layout_regular_city, dreamdust_gnoll_shepherd, lemuel_fruit_fields,
          uniq_erica
Lair:2:   layout_regular_city, shoals_dummy_entry,
          nicolae_spider_entry_lesser_pyramids, grunt_megastairs_5,
          infiniplex_staircase_pool
Lair:3:   layout_loops_ring, basic_altar, grunt_megastairs_1
Lair:4:   layout_regular_city, grunt_forest_small_clearings
Lair:5:   grunt_lair_end_beastmaster, layout_cave_pods, slime_entry_2
Shoals:1: layout_shoals, serial_shops, shop, nicolae_shop_advertising_works
          [nicolae_subvault_shop_adworks], shop, shop,
          nicolae_shoals_water_shrine
Shoals:2: layout_shoals, nicolae_shoals_loop_pool, uniq_donald
Shoals:3: layout_shoals, gammafunk_ghost_tricky_traps
Shoals:4: shoals_end_grunt_ice, layout_shoals, serial_shops,
          nicolae_shop_tiny_waterfront, nicolae_shop_vocational
Spider:1: nicolae_spider_mines_3
Spider:2: layout_spider_delve
Spider:3: layout_chambers, uniq_mlioglotl
Spider:4: hellmonk_spider_rune_bug_friends, uniq_arachne, uniq_bai_suzhen,
          uniq_asterion
Slime:1:  layout_caves
Slime:2:  layout_caves
Slime:3:  layout_caves, basic_altar
Slime:4:  layout_caves
Orc:1:    minmay_goldmine, layout_caves
Orc:2:    grunt_orc_community_town_hall, layout_caves,
          grunt_orc_community_big_house_2, grunt_orc_community_big_house_2,
          grunt_orc_community_house_3, grunt_orc_community_house_3,
          grunt_orc_community_house_2, grunt_orc_community_house_2,
          grunt_orc_community_house_2, grunt_orc_community_house_1, uniq_sonja
Elf:1:    eino_elf_arrival_sip, layout_geoelf_octagon,
          nicolae_elf_blasts_and_bolts, minmay_elf_sorcery, uniq_norris
Elf:2:    elven_hall_of_blades_hangedman_original [grunt_blade_entry_basic],
          layout_onion_city, basic_altar
Elf:3:    grunt_elf_hall_spiral, layout_geoelf_grid, serial_shops,
          nicolae_shop_gaudy_bauble, dk_noncrumbling_4, uniq_louise
Vaults:1: nicolae_vaults_yaktaur_gun_rack, nicolae_vaults_double_plus_1,
          nicolae_vaults_diamond_2, nicolae_vaults_windows_and_doors_thing,
          nicolae_vaults_circle_grid_a, nicolae_vaults_surprise_closet,
          hangedman_vaults_snaps, vaults_room_guarded_vault, not_door_vault_mu,
          vaults_room_semicircle, v_misc_9, layout_vaults_omnigrid,
          serial_shops, shop
Vaults:2: hangedman_vaults_nodes, vaults_standard_mumra_x,
          nicolae_vaults_little_squares_4, v_misc_33, nicolae_vaults_two_Ls,
          hangedman_vaults_cutoff, ontoclasm_vaults_eye,
          nicolae_vaults_tetromino_T_1, hangedman_vaults_stretched_pinwheel,
          hangedman_vaults_capsules, layout_vaults_omnibox
Vaults:3: gammafunk_sealed_library, hangedman_vaults_hat,
          layout_vaults_maze_bifur, dummy_crypt_entry, uniq_xtahua, uniq_mennas
Vaults:4: nicolae_vaults_diamond_2, nicolae_vaults_sesquioval_fish,
          hangedman_vaults_cutoff, v_misc_18, dpeg_vaults_pockets_of_resistance,
          vaults_room_fours, vaults_room_hallway, v_misc_18,
          nicolae_vaults_closet_pinwheel_4, v_misc_13,
          grunt_vaults_hallway_long, nicolae_vaults_two_Ls, layout_vaults_ring
Vaults:5: serial_shops, uniq_mara
Crypt:1:  layout_gridlike, gammafunk_ghost_necromancy, grunt_crypt_arrival_split
Crypt:2:  layout_chaotic_city, grunt_megastairs_3
Crypt:3:  lightli_unholy_cathedral, layout_chaotic_city,
          nicolae_tomb_entry_unfolded_pyramid_diagonal, minmay_misc_feat_alley,
          nicolae_crypt_twisting_catacombs
Depths:1: layout_honeycomb, hell_entry, nicolae_twisty_statue_hallways,
          hangedman_aviary
Depths:2: four-leaf_vault, layout_long_grid, hellmouth_1,
          rand_demon_pan_entry_3, dk_noncrumbling_2, st_stairs_13,
          kennysheep_nondecorative_pillar
Depths:3: minmay_the_grid_four_pointed_star_mashed
          [minmay_the_grid_triangle_9x9_odd_lines,
          minmay_the_grid_triangle_9x9_empty,
          minmay_the_grid_triangle_9x9_limited_checkers,
          minmay_the_grid_triangle_9x9_thin_v, minmay_the_grid_prize_trominoes],
          layout_gridlike, minmay_misc_feat_rugged, abyss_entry_flame_altar,
          hell_entry, grunt_absolute_annihilation, infiniplex_staircase_zigzag_4
Depths:4: grunt_zot_entry_funnels, layout_gridlike, enter_ziggurat_d,
          serial_corexii_hall, corexii_hall_statues_deadend,
          corexii_hall_statues_x, corexii_hall_statues_l,
          corexii_hall_statues_u, chequers_hall_statues_corner_a,
          corexii_hall_statues_x, hell_entry, nemelex_diamond_rough_becter
Zot:1:    layout_basic, regret_index_zotdec_split_disrupt,
          regret_index_zotdec_barnacled_alternative, uniq_vv
Zot:2:    kennysheep_ambush_hall, layout_cathedral_of_symmetry
Zot:3:    layout_gridlike
Zot:4:    layout_basic, hangedman_zot_decor_tridents, hangedman_spider_trapstep
Zot:5:    layout_misc_corridors, lemuel_golem_globe

Skill      XL: |  1  2  3  4  5  6  7  8  9 10 11 12 13 14 15 16 17 18 19 20 21 22 23 24 25 26 |
---------------+-------------------------------------------------------------------------------+-----
Stealth        | 2 3 |  3.0
Conjurations   | 1 2 6 8 9 11 12 | 12.6
Spellcasting   | 3 4 5 6 7 8 9 10 11 13 15 16 18 | 18.0
Air Magic      | 1 2 |  2.0
Alchemy        | 3 4 5 6 7 8 9 10 11 12 | 12.0
Fighting       | 1 2 4 5 6 8 9 10 11 13 15 17 18 | 18.1
Fire Magic     | 3 4 |  4.0
Shields        | 2 3 4 5 7 8 |  8.0
Evocations     | 2 4 6 7 9 |  9.0
Invocations    | 3 6 7 8 9 11 12 14 15 16 19 22 25 27 | 27.0
Armour         | 3 9 12 | 12.0
Dodging        | 3 5 7 9 11 12 | 12.0
Necromancy     | 3 8 |  8.0
Short Blades   | 3 5 8 10 | 10.0
Earth Magic    | 3 |  3.6
Translocations | 1 8 10 | 10.0
Hexes          | 3 |  3.0

Action                     |  1- 3 |  4- 6 |  7- 9 | 10-12 | 13-15 | 16-18 | 19-21 | 22-24 | 25-27 || total
---------------------------+-------+-------+-------+-------+-------+-------+-------+-------+-------++-------
  Melee: Spear             |     2 |       |       |       |       |       |       |       |       ||     2
         Staff             |       |       |    13 |    44 |   263 |   262 |   204 |   100 |       ||   886
         Trident           |       |       |       |    20 |       |       |       |       |       ||    20
         Flail             |       |       |       |       |       |       |       |    27 |    21 ||    48
         Quick blade       |       |       |       |       |       |       |       |       |    71 ||    71
         Short sword       |       |       |       |       |       |       |       |       |   292 ||   292
   Fire: Sling             |    59 |    61 |       |       |       |       |       |       |       ||   120
  Throw: Dart              |       |       |     2 |       |     2 |     4 |    10 |     4 |     1 ||    23
   Cast: Sting             |    58 |   152 |    97 |     5 |    25 |    20 |       |       |       ||   357
         Mercury Vapours   |     2 |    20 |    15 |       |     1 |       |       |       |       ||    38
         Olgreb's Toxic Ra |       |       |    40 |   145 |   334 |   337 |   388 |   309 |   189 ||  1742
         Mephitic Cloud    |       |       |     3 |     1 |     1 |     8 |     2 |       |       ||    15
         Sticky Flame      |       |       |    17 |    45 |   116 |   146 |    56 |    17 |    12 ||   409
         Apportation       |       |       |       |       |     5 |     1 |       |       |       ||     6
         Dispel Undead     |       |       |       |       |    18 |    22 |    24 |   363 |    30 ||   457
         Irradiate         |       |       |       |       |       |    51 |   189 |   169 |   108 ||   517
         Ignite Poison     |       |       |       |       |       |       |    60 |   199 |   120 ||   379
         Swiftness         |       |       |       |       |       |       |     1 |       |       ||     1
         Yara's Violent Un |       |       |       |       |       |       |       |     1 |       ||     1
         Manifold Assault  |       |       |       |       |       |       |       |       |   147 ||   147
         Dispersal         |       |       |       |       |       |       |       |       |     2 ||     2
 Invoke: Stomp             |       |       |       |     1 |    75 |    76 |    63 |   113 |    60 ||   388
         Line Pass         |       |       |       |       |     1 |       |       |     1 |       ||     2
         Grand Finale      |       |       |       |       |       |       |       |     1 |     2 ||     3
  Evoke: Wand              |       |       |    10 |     1 |    18 |     8 |     4 |    14 |    20 ||    75
         Box of beasts     |       |       |       |       |       |       |       |       |     1 ||     1
    Use: Scroll            |       |     4 |     4 |     1 |     7 |     9 |    17 |    18 |     9 ||    69
   Stab: Paralysed         |       |       |     3 |     5 |    22 |    29 |    16 |     5 |    24 ||   104
         Sleeping          |       |       |       |       |       |       |       |     1 |       ||     1
 Armour: Robe              |     8 |       |       |       |       |       |   288 |   794 |   448 ||  1538
         Animal skin       |     7 |    39 |    64 |    76 |       |       |       |       |       ||   186
         Scale mail        |       |       |       |    41 |   549 |   793 |   323 |       |       ||  1706
  Dodge: Dodged            |    29 |    73 |    50 |    66 |   363 |   462 |   435 |   610 |   325 ||  2413
  Block: Buckler           |       |       |    10 |    26 |   142 |   225 |   159 |   292 |   185 ||  1039

Table legend: (Time is in decaauts)
 A = Elapsed time spent in this place.
 B = Non-inter-level travel time spent in this place.
 C = Inter-level travel time spent in this place.
 D = Time resting spent in this place.
 E = Time spent auto-exploring this place.
 F = Levels seen in this place.
 G = Mean time per level.
                   A        B        C        D        E       F      G
               +--------+--------+--------+--------+--------+-----+--------+
         Total | 132918 | 121837 |  11081 |  39773 |  64227 |  57 | 2331.9 |
       Dungeon |  29948 |  25088 |   4860 |   4844 |  16485 |  15 | 1996.5 |
        Temple |     34 |     18 |     16 |      0 |      0 |   1 |   34.0 |
          Lair |   9764 |   8532 |   1232 |    741 |   6623 |   5 | 1952.8 |
        Shoals |   9913 |   9290 |    623 |   4359 |   3478 |   4 | 2478.2 |
   Spider Nest |  10236 |   9626 |    610 |   3071 |   5481 |   4 | 2559.0 |
    Slime Pits |   1677 |   1580 |     97 |    708 |    706 |   4 |  419.2 |
  Orcish Mines |   4144 |   3615 |    529 |    418 |   2658 |   2 | 2072.0 |
   Elven Halls |  15475 |  14992 |    483 |   8916 |   4182 |   3 | 5158.3 |
        Vaults |  14275 |  13590 |    685 |   2965 |   8038 |   5 | 2855.0 |
         Crypt |   5226 |   4970 |    256 |   1063 |   2750 |   3 | 1742.0 |
        Depths |  10798 |   9644 |   1154 |   1321 |   6814 |   4 | 2699.5 |
           Zot |  18655 |  18122 |    533 |   9141 |   6909 |   5 | 3731.0 |
         Trove |     58 |     58 |      0 |      0 |      0 |   1 |   58.0 |
         Sewer |   2709 |   2709 |      0 |   2223 |    100 |   1 | 2709.0 |
               +--------+--------+--------+--------+--------+-----+--------+

Top non-repeatable levels by time:
   Zot:5: 11546 daAuts
   Elf:2: 6271 daAuts
   Elf:3: 6117 daAuts
Vaults:5: 5126 daAuts
Spider:4: 4298 daAuts
Shoals:4: 4274 daAuts
     D:8: 3738 daAuts
Vaults:1: 3613 daAuts
     D:9: 3270 daAuts
   Elf:1: 3086 daAuts
Depths:3: 3024 daAuts
    D:15: 2978 daAuts
   Orc:2: 2940 daAuts
Depths:2: 2866 daAuts
Depths:1: 2784 daAuts

Table legend:
 A = Kills in this place as a percentage of kills in the entire game.
 B = Kills by you in this place as a percentage of kills by you in the entire game.
 C = Kills by friends in this place as a percentage of kills by friends in the entire game.
 D = Other kills in this place as a percentage of other kills in the entire game.
 E = Experience gained in this place as a percentage of experience gained in the entire game.
 F = Experience gained in this place divided by the number of levels of this place that you have seen.
                   A       B       C       D       E      F
               +-------+-------+-------+-------+-------+----------------------
         Total | 100.0 | 100.0 |   N/A | 100.0 | 100.0 | 24970.8
       Dungeon |  16.4 |  16.5 |   N/A |   0.0 |   4.0 | 3822.4
          Lair |   7.7 |   7.8 |   N/A |   0.0 |   4.2 | 11927.0
        Shoals |   6.8 |   6.8 |   N/A |   0.0 |   5.5 | 19560.2
   Spider Nest |   6.4 |   6.5 |   N/A |   0.0 |   5.5 | 19415.2
    Slime Pits |   2.4 |   1.9 |   N/A |  66.7 |   1.9 | 6683.8
  Orcish Mines |   5.7 |   5.7 |   N/A |   0.0 |   1.1 | 7792.0
   Elven Halls |   8.1 |   8.0 |   N/A |  13.3 |   9.6 | 45536.7
        Vaults |  16.8 |  16.9 |   N/A |   6.7 |  21.8 | 62081.2
         Crypt |   8.5 |   8.6 |   N/A |   0.0 |   9.2 | 43450.0
        Depths |  10.4 |  10.4 |   N/A |   6.7 |  15.4 | 54771.5
           Zot |   9.6 |   9.6 |   N/A |   6.7 |  21.9 | 62270.6
         Sewer |   1.2 |   1.2 |   N/A |   0.0 |   0.0 | 340.0
               +-------+-------+-------+-------+-------+----------------------
